TOP OF THE 1ST |
Ontario Emus batting - Pitching for Atlantic City War Dogs : LHP Mauro Muńíz
|
Pitching: LHP Mauro Muńíz
|
|
Batting: RHB Glen Madden
|
0-0: Ball 1-0: Called Strike 1-1: Ball 2-1: SINGLE (Line Drive, 8RS)
|
Batting: RHB Bob Corrigan
|
0-0: Ball 1-0: Called Strike 1-1: Foul Ball, location: 2F 1-2: Foul Ball, location: 2F 1-2: Ball 2-2: Ball 3-2: Fly out, F8 (Flyball, 8RM)
|
Batting: LHB Horace Kramer
|
0-0: Ball Glen Madden steals 2nd base 1-0: Ball 2-0: Ball 3-0: Base on Balls
|
Batting: RHB John Robertson
|
0-0: Called Strike 0-1: Swinging Strike 0-2: Foul Ball, location: 2F 0-2: Foul Ball, location: 2F 0-2: SINGLE (Groundball, 34D) Glen Madden to third Horace Kramer to second Runner from 3rd tries for Home, SAFE, no throw
|
Batting: RHB Germán Vargas
|
0-0: Ball Horace Kramer steals 3rd base John Robertson to second 1-0: Foul Ball, location: 2F 1-1: Ball 2-1: Called Strike 2-2: Ball 3-2: Base on Balls
|
Batting: LHB Greg MacCanish
|
0-0: Swinging Strike 0-1: Ball 1-1: Ball 2-1: Foul Ball, location: 2F 2-2: Strikes out looking
|
Batting: SHB Pete Jones
|
0-0: Called Strike 0-1: Ball 1-1: Swinging Strike 1-2: Foul Ball, location: 2F 1-2: Ball 2-2: Strikes out looking
|
Top of the 1st over - 1 run(s), 2 hit(s), 0 error(s), 3 left on base; Ontario 1 - Atlantic City 0 |
BOTTOM OF THE 1ST |
Atlantic City War Dogs batting - Pitching for Ontario Emus : RHP Dan Catron
|
Pitching: RHP Dan Catron
|
|
Batting: RHB Pancho Valdés
|
0-0: Foul Ball, location: 2F 0-1: Ground out 5-3 (Groundball, 56S)
|
Batting: RHB Robert Koremans
|
0-0: Called Strike 0-1: Foul Ball, location: 2F 0-2: Strikes out swinging
|
Batting: RHB José Guevara
|
0-0: Called Strike 0-1: Called Strike 0-2: Ball 1-2: Ball 2-2: Reached on error, E3 (Groundball, 34S)
|
Batting: RHB Jamie Swyers
|
0-0: Foul Ball, location: 2F 0-1: Ball 1-1: DOUBLE (Flyball, 8RM) José Guevara to third
|
Batting: LHB Patrick Ferguson
|
0-0: Ball 1-0: Called Strike 1-1: Ground out 4-3 (Groundball, 4)
|
Bottom of the 1st over - 0 run(s), 1 hit(s), 1 error(s), 2 left on base; Ontario 1 - Atlantic City 0 |
TOP OF THE 2ND |
Ontario Emus batting - Pitching for Atlantic City War Dogs : LHP Mauro Muńíz
|
Batting: LHB Cipriano Martínez
|
0-0: Ball 1-0: Ball 2-0: Called Strike 2-1: Foul Ball, location: 2F 2-2: SOLO HOME RUN (Flyball, 9D), Distance : 394 ft
|
Batting: RHB Bobby Burks
|
0-0: Called Strike 0-1: Ball 1-1: Fly out, F5 (Line Drive, 56D)
|
Batting: RHB Glen Madden
|
0-0: Swinging Strike 0-1: Called Strike 0-2: Fly out, F8 (Flyball, 8LM)
|
Batting: RHB Bob Corrigan
|
0-0: Ball 1-0: Foul Ball, location: 2F 1-1: Ball 2-1: Foul Ball, location: 2F 2-2: Ball 3-2: Ground out 4-3 (Groundball, 4)
|
Top of the 2nd over - 1 run(s), 1 hit(s), 0 error(s), 0 left on base; Ontario 2 - Atlantic City 0 |
BOTTOM OF THE 2ND |
Atlantic City War Dogs batting - Pitching for Ontario Emus : RHP Dan Catron
|
Batting: RHB John Stevens
|
0-0: Swinging Strike 0-1: Foul Ball, location: 2F 0-2: Foul Ball, location: 2F 0-2: Foul Ball, location: 2F 0-2: Foul Ball, location: 2F 0-2: Ball 1-2: Hit by Pitch
|
Batting: RHB Jerome Cuevas
|
0-0: Ball 1-0: Foul Ball, location: 2F 1-1: Swinging Strike 1-2: Fly out, F7 (Flyball, 78M)
|
Batting: RHB Jesús Herrera
|
0-0: Ball 1-0: Called Strike 1-1: Swinging Strike 1-2: Ball 2-2: Ball 3-2: Grounds into double play, 2-4-3 (Groundball, 2L)
|
Bottom of the 2nd over - 0 run(s), 0 hit(s), 0 error(s), 0 left on base; Ontario 2 - Atlantic City 0 |
TOP OF THE 3RD |
Ontario Emus batting - Pitching for Atlantic City War Dogs : LHP Mauro Muńíz
|
Batting: LHB Horace Kramer
|
0-0: Ball 1-0: Foul Ball, location: 2F 1-1: Ball 2-1: Ball 3-1: Base on Balls
|
Batting: RHB John Robertson
|
0-0: Ball 1-0: Ball 2-0: Swinging Strike 2-1: Called Strike 2-2: Foul Ball, location: 2F 2-2: Grounds into double play, 6-4-3 (Groundball, 6)
|
Batting: RHB Germán Vargas
|
0-0: SINGLE (Groundball, 34S) (infield hit)
|
Batting: LHB Greg MacCanish
|
0-0: Called Strike 0-1: Ball 1-1: Foul Ball, location: 2F 1-2: Ball 2-2: Fly out, F4 (Line Drive, 34)
|
Top of the 3rd over - 0 run(s), 1 hit(s), 0 error(s), 1 left on base; Ontario 2 - Atlantic City 0 |
BOTTOM OF THE 3RD |
Atlantic City War Dogs batting - Pitching for Ontario Emus : RHP Dan Catron
|
Batting: RHB Pat Simms
|
0-0: Ball 1-0: SINGLE (Flyball, 8RM)
|
Batting: RHB Pancho Valdés
|
0-0: Ball 1-0: Foul Ball, location: 2F 1-1: Ground out 6-3 (Groundball, 6MS) Pat Simms to second
|
Batting: RHB Robert Koremans
|
0-0: Ball 1-0: Foul Ball, location: 2F 1-1: Fly out, F4 (Flyball, 4D)
|
Batting: RHB José Guevara
|
0-0: Foul Ball, location: 2F 0-1: Ball 1-1: Ground out 4-3 (Groundball, 4)
|
Bottom of the 3rd over - 0 run(s), 1 hit(s), 0 error(s), 1 left on base; Ontario 2 - Atlantic City 0 |
TOP OF THE 4TH |
Ontario Emus batting - Pitching for Atlantic City War Dogs : LHP Mauro Muńíz
|
Batting: SHB Pete Jones
|
0-0: Ball 1-0: Called Strike 1-1: Foul Ball, location: 2F 1-2: Ball 2-2: Ball 3-2: Strikes out swinging
|
Batting: LHB Cipriano Martínez
|
0-0: Foul Ball, location: 2F 0-1: Swinging Strike 0-2: Ball 1-2: Ball 2-2: Ball 3-2: Strikes out looking
|
Batting: RHB Bobby Burks
|
0-0: Called Strike 0-1: Ground out 4-3 (Groundball, 4)
|
Top of the 4th over - 0 run(s), 0 hit(s), 0 error(s), 0 left on base; Ontario 2 - Atlantic City 0 |
BOTTOM OF THE 4TH |
Atlantic City War Dogs batting - Pitching for Ontario Emus : RHP Dan Catron
|
Batting: RHB Jamie Swyers
|
0-0: Called Strike 0-1: Swinging Strike 0-2: Ball 1-2: Foul Ball, location: 2F 1-2: Foul Ball, location: 2F 1-2: Foul Ball, location: 2F 1-2: SINGLE (Line Drive, 7LM)
|
Batting: LHB Patrick Ferguson
|
0-0: Ball 1-0: SINGLE (Groundball, 56D) Jamie Swyers to second
|
Batting: RHB John Stevens
|
0-0: Ball 1-0: Foul Ball, location: 2F 1-1: Called Strike Jamie Swyers steals 3rd base Patrick Ferguson to second 1-2: Foul Ball, location: 2F 1-2: Ball 2-2: Ball 3-2: Foul Ball, location: 2F 3-2: SINGLE (Line Drive, 3L) Jamie Swyers scores Patrick Ferguson to third
|
Batting: RHB Jerome Cuevas
|
0-0: Fielders Choice at 2nd, 6-4 (Groundball, 6) Patrick Ferguson scores
|
Batting: RHB Jesús Herrera
|
0-0: Called Strike 0-1: Called Strike 0-2: Strikes out looking
|
Batting: RHB Pat Simms
|
0-0: Called Strike 0-1: Ball 1-1: Called Strike 1-2: Ball 2-2: Fly out, F9 (Flyball, 89D)
|
Bottom of the 4th over - 2 run(s), 3 hit(s), 0 error(s), 1 left on base; Ontario 2 - Atlantic City 2 |
TOP OF THE 5TH |
Ontario Emus batting - Pitching for Atlantic City War Dogs : LHP Mauro Muńíz
|
Pitching: RHP Clancy Green
|
|
Now at 3B: Henry Edwards
|
|
Batting: RHB Glen Madden
|
0-0: Ball 1-0: Fly out, F8 (Line Drive, 8LM)
|
Batting: RHB Bob Corrigan
|
0-0: Ball 1-0: Foul Ball, location: 2F 1-1: Foul Ball, location: 2F 1-2: Fly out, F8 (Line Drive, 8LXD)
|
Batting: LHB Horace Kramer
|
0-0: Foul Ball, location: 2F 0-1: Foul Ball, location: 2F 0-2: Ball 1-2: Strikes out swinging
|
Top of the 5th over - 0 run(s), 0 hit(s), 0 error(s), 0 left on base; Ontario 2 - Atlantic City 2 |
BOTTOM OF THE 5TH |
Atlantic City War Dogs batting - Pitching for Ontario Emus : RHP Dan Catron
|
Batting: RHB Pancho Valdés
|
0-0: Ball 1-0: Foul Ball, location: 2F 1-1: SINGLE (Groundball, 6M) (infield hit)
|
Batting: RHB Robert Koremans
|
0-0: Ball 1-0: Called Strike 1-1: Foul Ball, location: 2F 1-2: Ball 2-2: Ball Pancho Valdés steals 2nd base 3-2: Foul Ball, location: 2F 3-2: Fly out, F9 (Flyball, 89S)
|
Pitching: RHP António Gamboa
|
|
Batting: RHB José Guevara
|
0-0: Ball Pancho Valdés is caught stealing 3rd base 1-0: Ball 2-0: Swinging Strike 2-1: Ground out 4-3 (Groundball, 4S)
|
Bottom of the 5th over - 0 run(s), 1 hit(s), 0 error(s), 0 left on base; Ontario 2 - Atlantic City 2 |
TOP OF THE 6TH |
Ontario Emus batting - Pitching for Atlantic City War Dogs : RHP Clancy Green
|
Batting: RHB John Robertson
|
0-0: Ball 1-0: DOUBLE (Line Drive, 78XD)
|
Batting: RHB Germán Vargas
|
0-0: Intentional Walk
|
Batting: LHB Greg MacCanish
|
0-0: Ball 1-0: DOUBLE (Groundball, 3L) John Robertson scores Germán Vargas to third
|
Batting: SHB Pete Jones
|
0-0: Ball 1-0: Foul Ball, location: 2F 1-1: SINGLE (Groundball, 4MD) Germán Vargas scores Greg MacCanish to third
|
Pitching: RHP Jesús Domínguez
|
|
Batting: LHB Cipriano Martínez
|
0-0: Ball 1-0: Fly out, F8 (Flyball, 8RM) Runner from 3rd tags up, SCORES, throw made
|
Batting: RHB Bobby Burks
|
0-0: Ball 1-0: DOUBLE (Flyball, 78XD) Pete Jones to third
|
Batting: RHB Glen Madden
|
0-0: Ball 1-0: Ball 2-0: Foul Ball, location: 2F 2-1: Foul Ball, location: 2F 2-2: Strikes out looking
|
Batting: RHB Bob Corrigan
|
0-0: Called Strike 0-1: Ball 1-1: Fly out, F4 (Popup, 34D)
|
Top of the 6th over - 3 run(s), 4 hit(s), 0 error(s), 2 left on base; Ontario 5 - Atlantic City 2 |
BOTTOM OF THE 6TH |
Atlantic City War Dogs batting - Pitching for Ontario Emus : RHP António Gamboa
|
Batting: RHB Jamie Swyers
|
0-0: Called Strike 0-1: Swinging Strike 0-2: Ball 1-2: Ball 2-2: Foul Ball, location: 2F 2-2: Fly out, F8 (Flyball, 8RM)
|
Pitching: LHP Tom Martin
|
|
Batting: LHB Patrick Ferguson
|
0-0: Called Strike 0-1: Foul Ball, location: 2F 0-2: Ball 1-2: Ball 2-2: SINGLE (Groundball, 4D)
|
Batting: RHB Henry Edwards
|
0-0: Foul Ball, location: 2F 0-1: Foul Ball, location: 2F 0-2: Foul Ball, location: 2F 0-2: Fly out, F7 (Line Drive, 7)
|
Batting: RHB Jerome Cuevas
|
0-0: Ball 1-0: Foul Ball, location: 2F 1-1: Called Strike 1-2: Strikes out swinging
|
Bottom of the 6th over - 0 run(s), 1 hit(s), 0 error(s), 1 left on base; Ontario 5 - Atlantic City 2 |
TOP OF THE 7TH |
Ontario Emus batting - Pitching for Atlantic City War Dogs : RHP Jesús Domínguez
|
Batting: LHB Horace Kramer
|
0-0: Ball 1-0: Ball 2-0: Called Strike 2-1: Ball 3-1: Called Strike 3-2: Strikes out swinging
|
Batting: RHB John Robertson
|
0-0: Foul Ball, location: 2F 0-1: Fly out, F8 (Flyball, 8LM)
|
Batting: RHB Germán Vargas
|
0-0: Ball 1-0: Called Strike 1-1: Ball 2-1: Swinging Strike 2-2: Ball 3-2: Strikes out looking
|
Top of the 7th over - 0 run(s), 0 hit(s), 0 error(s), 0 left on base; Ontario 5 - Atlantic City 2 |
BOTTOM OF THE 7TH |
Atlantic City War Dogs batting - Pitching for Ontario Emus : LHP Tom Martin
|
Batting: RHB Jesús Herrera
|
0-0: Ball 1-0: SINGLE (Groundball, 3S) (infield hit)
|
Batting: RHB Pat Simms
|
0-0: Called Strike 0-1: Foul Ball, location: 2F 0-2: Ball 1-2: Grounds into double play, 6-4-3 (Groundball, 6)
|
Batting: RHB Pancho Valdés
|
0-0: SINGLE (Groundball, 56) (infield hit)
|
Batting: RHB Robert Koremans
|
0-0: Ball 1-0: Ball 2-0: Foul Ball, location: 2F 2-1: Reached on error, E6 (Groundball, 6) Pancho Valdés to second
|
Pitching: LHP Albert Martin
|
|
Batting: RHB José Guevara
|
0-0: Called Strike 0-1: Ball 1-1: Foul Ball, location: 2F 1-2: Ball 2-2: Fly out, F4 (Popup, 34)
|
Bottom of the 7th over - 0 run(s), 2 hit(s), 1 error(s), 2 left on base; Ontario 5 - Atlantic City 2 |
TOP OF THE 8TH |
Ontario Emus batting - Pitching for Atlantic City War Dogs : RHP Jesús Domínguez
|
Batting: LHB Greg MacCanish
|
0-0: Ball 1-0: Ground out 4-3 (Groundball, 4)
|
Batting: SHB Pete Jones
|
0-0: Hit by Pitch
|
Batting: LHB Cipriano Martínez
|
0-0: Ball 1-0: Called Strike 1-1: Foul Ball, location: 2F 1-2: Strikes out swinging
|
Batting: RHB Bobby Burks
|
0-0: Ball Wild Pitch! Pete Jones to second 1-0: Ball 2-0: Fly out, F8 (Line Drive, 8RM)
|
Top of the 8th over - 0 run(s), 0 hit(s), 0 error(s), 1 left on base; Ontario 5 - Atlantic City 2 |
BOTTOM OF THE 8TH |
Atlantic City War Dogs batting - Pitching for Ontario Emus : LHP Albert Martin
|
Batting: RHB Jamie Swyers
|
0-0: DOUBLE (Line Drive, 7LS)
|
Batting: LHB Patrick Ferguson
|
0-0: Swinging Strike 0-1: Foul Ball, location: 2F 0-2: Ball 1-2: Reached on error, E4 (Groundball, 4) Jamie Swyers to third
|
Batting: RHB Henry Edwards
|
0-0: Called Strike 0-1: Swinging Strike 0-2: Strikes out swinging
|
Batting: RHB Jerome Cuevas
|
0-0: Foul Ball, location: 2F 0-1: Swinging Strike 0-2: Ball 1-2: Ball 2-2: Foul Ball, location: 2F 2-2: Ball 3-2: Base on Balls Patrick Ferguson to second
|
Batting: RHB Jesús Herrera
|
0-0: Ball 1-0: Swinging Strike 1-1: Swinging Strike 1-2: Strikes out swinging
|
Pinch Hitting: RHB Bill Spence
|
0-0: Called Strike 0-1: Foul Ball, location: 2F 0-2: Foul Ball, location: 2F 0-2: Ball 1-2: Ball 2-2: Foul Ball, location: 2F 2-2: SINGLE (Line Drive, 56D) Jamie Swyers scores Patrick Ferguson to third Jerome Cuevas to second Runner from 3rd tries for Home, SAFE, no throw
|
Pinch Hitting: RHB Roberto Ybarra
|
0-0: Called Strike 0-1: Ball 1-1: Foul Ball, location: 2F 1-2: Ball 2-2: Foul Ball, location: 2F 2-2: Foul Ball, location: 2F 2-2: Ball 3-2: Base on Balls Jerome Cuevas to third Bill Spence to second
|
Batting: RHB Robert Koremans
|
0-0: Called Strike 0-1: DOUBLE (Line Drive, 7LM) Jerome Cuevas scores Bill Spence scores Roberto Ybarra to third
|
Pitching: RHP Greg Yager
|
|
Pinch Hitting: RHB Armando Vega
|
0-0: 3-RUN HOME RUN (Flyball, 8LXD), Distance : 431 ft
|
Batting: RHB Jamie Swyers
|
0-0: SINGLE (Groundball, 6MD)
|
Batting: LHB Patrick Ferguson
|
0-0: Ball 1-0: Called Strike 1-1: Foul Ball, location: 2F 1-2: Hit by Pitch Jamie Swyers to second
|
Batting: RHB Henry Edwards
|
0-0: Foul Ball, location: 2F 0-1: Ball 1-1: Ball 2-1: Swinging Strike 2-2: SINGLE (Groundball, 56S) (infield hit) Jamie Swyers to third Patrick Ferguson to second
|
Batting: RHB Jerome Cuevas
|
0-0: Called Strike 0-1: Fly out, F8 (Flyball, 8RS)
|
Bottom of the 8th over - 7 run(s), 6 hit(s), 1 error(s), 3 left on base; Ontario 5 - Atlantic City 9 |
TOP OF THE 9TH |
Ontario Emus batting - Pitching for Atlantic City War Dogs : RHP Jesús Domínguez
|
Now at 3B: Armando Vega
|
|
Now in LF: Jake Osborn
|
|
Now in RF: Félix Carbajal
|
|
Batting: RHB Glen Madden
|
0-0: Foul Ball, location: 2F 0-1: Swinging Strike 0-2: Strikes out swinging
|
Batting: RHB Bob Corrigan
|
0-0: Ball 1-0: Ground out 4-3 (Groundball, 4)
|
Batting: LHB Horace Kramer
|
0-0: Called Strike 0-1: Ball 1-1: Ball 2-1: Foul Ball, location: 2F 2-2: Foul Ball, location: 2F 2-2: Ball 3-2: DOUBLE (Line Drive, 78M)
|
Batting: RHB John Robertson
|
0-0: Ball 1-0: Ball 2-0: Swinging Strike 2-1: Foul Ball, location: 2F 2-2: Strikes out looking
|
Top of the 9th over - 0 run(s), 1 hit(s), 0 error(s), 1 left on base; Ontario 5 - Atlantic City 9 |
|